 Dungeon Crawl Stone Soup version 0.31-a0-145-g046c7d2549 (webtiles) character file.

Game seed: 11280746779473724621

85 IndexError the Skirmisher (level 4, -1/38 HPs)
             Began as a Gnoll Hunter on June 7, 2023.
             Slain by a gnoll
             ... wielding a +0 flail
              (4 damage)
             ... on level 2 of the Dungeon.
             The game lasted 00:01:36 (892 turns).

IndexError the Skirmisher (Gnoll Hunter)             Turns: 892, Time: 00:01:36

Health: -1/38      AC:  3    Str: 10    XL:     4   Next: 48%
Magic:  5/5        EV: 13    Int:  9    God:
Gold:   28         SH:  0    Dex: 17    Spells: 5/5 levels left

rFire   . . .        a - +0 shortbow
rCold   . . .        (shield currently unavailable)
rNeg    . . .        c - +0 leather armour
rPois   .            (no helmet)
rElec   .            (no cloak)
rCorr   .            (no gloves)
SInv    .            (no boots)
Will    .....        (no amulet)
Stlth   ++           (no ring)
HPRegen 0.26/turn    (no ring)
MPRegen 0.09/turn

%: no passive effects
@: no status effects
A: fangs 1, strong nose, distributed training
a: no special abilities


You were on level 2 of the Dungeon.
You visited 1 branch of the dungeon, and saw 2 of its levels.

You collected 28 gold pieces.

Inventory:

Hand Weapons
 a - a +0 shortbow (weapon)
Armour
 c - a +0 leather armour (worn)
Scrolls
 b - a scroll of butterflies
 d - a scroll of noise {unknown}
 e - 3 scrolls of silence {unknown}
 f - a scroll of poison {unknown}
Potions
 g - a potion of degeneration {unknown}


   Skills:
 + Level 4.6 Fighting
 + Level 1.2 Short Blades
 + Level 1.2 Long Blades
 + Level 1.2 Axes
 + Level 1.2 Maces & Flails
 + Level 1.2 Polearms
 + Level 1.2 Staves
 + Level 8.6 Ranged Weapons
 + Level 1.2 Throwing
 + Level 1.2 Armour
 + Level 4.6 Dodging
 + Level 2.6 Stealth
 + Level 1.2 Shields
 + Level 1.2 Unarmed Combat
 + Level 1.2 Spellcasting
 + Level 1.0 Conjurations
 + Level 1.0 Hexes
 + Level 1.0 Summonings
 + Level 1.0 Necromancy
 + Level 1.0 Translocations
 + Level 1.0 Transmutations
 + Level 1.0 Fire Magic
 + Level 1.0 Ice Magic
 + Level 1.0 Air Magic
 + Level 1.0 Earth Magic
 + Level 1.0 Poison Magic
 + Level 1.3 Invocations
 + Level 1.2 Evocations


You had 5 spell levels left.
You didn't know any spells.
Your spell library was empty.

Dungeon Overview and Level Annotations

Branches:
Dungeon (2/15)

Altars:


Innate Abilities, Weirdness & Mutations

You have very sharp teeth.
Your uncanny sense of smell can sniff out nearby items.
Your experience applies equally to all skills.


Message History

MP restored: 5 Fire: a) +0 shortbow
Press: ? - help, Q - select action Shift-Dir - straight line, f - you That would be overly suicidal.
Okay, then.
Fire: a) +0 shortbow
Press: ? - help, Q - select action Shift-Dir - straight line, f - you
Okay, then.
HP restored.
Done exploring.
Health restored: 38 You climb downwards.
The kobold barely misses you. The kobold hits you but does no damage.
There is a stone staircase leading up, spattered with blood here.
You shoot an arrow.
The arrow hits the kobold but does no damage.
The kobold closely misses you.
You shoot an arrow. The arrow hits the kobold.
You shoot an arrow. The arrow hits the worm.
You shoot an arrow. The arrow hits the worm!
The worm bites you.
You take 3 damage, and have 35/38 hp.
You shoot an arrow. The arrow hits the worm.
You shoot an arrow. The arrow hits the worm.
No target in view!
You climb upwards.
There is a stone staircase leading down here.
HP restored.
Done exploring.
Health restored: 38 You climb downwards.
There is a stone staircase leading up, spattered with blood here.
You shoot an arrow. The arrow closely misses the adder.
You shoot an arrow. The arrow hits the adder.
You shoot an arrow. The arrow hits the adder.
The adder misses you.
You shoot an arrow. The arrow closely misses the adder.
The arrow hits the gnoll.
The adder barely misses you.
You shoot an arrow. The arrow barely misses the adder.
The arrow closely misses the gnoll.
The adder bites you.
You are poisoned.
The adder poisons you!
You take 3 damage, and have 35/38 hp.
You shoot an arrow. The arrow closely misses the adder.
The arrow hits the gnoll but does no damage.
You feel sick. The adder bites you. The adder barely misses you.
You take 3 damage, and have 32/38 hp.
You shoot an arrow. The arrow closely misses the adder.
The arrow hits the gnoll!
You feel sick.
A worm comes into view.
The adder bites you. The gnoll closely misses you.
You take 2 damage, and have 30/38 hp.
You shoot an arrow. The arrow hits the adder!
You feel sick.
The gnoll hits you from afar with a +0 halberd.
You take 3 damage, and have 27/38 hp.
You shoot an arrow. The arrow completely misses the gnoll.
You feel sick.
The gnoll hits you from afar with a +0 halberd!
You take 14 damage, and have 13/38 hp.
MASSIVE DAMAGE!!
You are too injured to fight recklessly!
You are too injured to fight recklessly!
Fire: a) +0 shortbow
Press: ? - help, Q - select action Shift-Dir - straight line, f/p - gnoll
Aim: a gnoll, wielding a +0 halberd (severely wounded, 69% to hit)
You shoot an arrow. The arrow hits the gnoll.
You feel sick.
The gnoll hits you from afar with a +0 halberd!
* * * LOW HITPOINT WARNING * * *
Fire: a) +0 shortbow
Press: ? - help, Q - select action Shift-Dir - straight line, f/p - gnoll
Aim: a gnoll, wielding a +0 halberd (almost dead, 69% to hit)
You shoot an arrow. The arrow hits the gnoll.
You feel sick.
You are no longer poisoned.
Your Conjurations skill increases to level 1!
Your Hexes skill increases to level 1!
Your Summonings skill increases to level 1!
Your Necromancy skill increases to level 1!
Your Translocations skill increases to level 1!
Your Transmutations skill increases to level 1!
Your Fire Magic skill increases to level 1!
Your Ice Magic skill increases to level 1!
Your Air Magic skill increases to level 1!
Your Earth Magic skill increases to level 1!
Your Poison Magic skill increases to level 1!
You take 11 damage, and have 2/38 hp.
MASSIVE DAMAGE!!
Fire: a) +0 shortbow
Press: ? - help, Q - select action Shift-Dir - straight line, f - gnoll
Aim: a gnoll, wielding a +0 flail (69% to hit)
You shoot an arrow. The arrow hits the gnoll!
The gnoll misses you.
Fire: a) +0 shortbow
Press: ? - help, Q - select action Shift-Dir - straight line, f/p - gnoll
Aim: a gnoll, wielding a +0 flail (severely wounded, 69% to hit)
You shoot an arrow. The arrow closely misses the gnoll.
The gnoll misses you.
Fire: a) +0 shortbow
Press: ? - help, Q - select action Shift-Dir - straight line, f/p - gnoll
Aim: a gnoll, wielding a +0 flail (severely wounded, 69% to hit)
You shoot an arrow.
The arrow hits the gnoll but does no damage.
The gnoll hits you with a +0 flail.
You die...

∆
######.#
#@)....#
#g######
.)# $.w.
.....
.#...##
#.#...#
# #....


You could see a worm and a gnoll.

Vanquished Creatures
  4 gnolls
  2 adders
  A worm (D:2)
  A bat (D:1)
  3 endoplasms (D:1)
  5 giant cockroaches (D:1)
  2 hobgoblins (D:1)
  2 kobolds
  2 ball pythons (D:1)
  A frilled lizard (D:1)
  2 goblins (D:1)
  2 rats (D:1)
27 creatures vanquished.

Notes
Turn   | Place    | Note
-------+----------+-------------------------------------------
     0 | D:1      | IndexError the Gnoll Hunter began the quest for the Orb.
     0 | D:1      | Reached XP level 1. HP: 20/20 MP: 1/1
   147 | D:1      | Reached XP level 2. HP: 26/26 MP: 2/2
   338 | D:1      | Reached XP level 3. HP: 31/31 MP: 3/3
   635 | D:2      | Reached skill level 1 in Invocations
   643 | D:1      | HP: 5/31 [gnoll/+0 club (4)]
   644 | D:1      | HP: 2/31 [hobgoblin (4)]
   646 | D:1      | Reached skill level 1 in Short Blades
   646 | D:1      | Reached skill level 1 in Long Blades
   646 | D:1      | Reached skill level 1 in Axes
   646 | D:1      | Reached skill level 1 in Maces & Flails
   646 | D:1      | Reached skill level 1 in Polearms
   646 | D:1      | Reached skill level 1 in Staves
   646 | D:1      | Reached skill level 1 in Throwing
   646 | D:1      | Reached skill level 1 in Armour
   646 | D:1      | Reached skill level 1 in Shields
   646 | D:1      | Reached skill level 1 in Unarmed Combat
   646 | D:1      | Reached skill level 1 in Spellcasting
   646 | D:1      | Reached skill level 1 in Evocations
   792 | D:1      | Reached XP level 4. HP: 19/38 MP: 5/5
   888 | D:2      | HP: 3/38 [gnoll/+0 halberd (9)]
   890 | D:2      | Reached skill level 1 in Conjurations
   890 | D:2      | Reached skill level 1 in Hexes
   890 | D:2      | Reached skill level 1 in Summonings
   890 | D:2      | Reached skill level 1 in Necromancy
   890 | D:2      | Reached skill level 1 in Translocations
   890 | D:2      | Reached skill level 1 in Transmutations
   890 | D:2      | Reached skill level 1 in Fire Magic
   890 | D:2      | Reached skill level 1 in Ice Magic
   890 | D:2      | Reached skill level 1 in Air Magic
   890 | D:2      | Reached skill level 1 in Earth Magic
   890 | D:2      | Reached skill level 1 in Poison Magic
   892 | D:2      | Slain by a gnoll

Illustrated notes

Levels and vault maps discovered:
D:1:      matt_arrival_grand_opening, layout_basic
D:2:      layout_loops_ring, hellmonk_ecumenical_altar_prayer_group,
          due_unseen_surprise

Skill      XL: |  1  2  3  4 |
---------------+-------------+-----
Invocations    | 1 |  1.3
Short Blades   | 1 |  1.2
Long Blades    | 1 |  1.2
Axes           | 1 |  1.2
Maces & Flails | 1 |  1.2
Polearms       | 1 |  1.2
Staves         | 1 |  1.2
Throwing       | 1 |  1.2
Armour         | 1 |  1.2
Shields        | 1 |  1.2
Unarmed Combat | 1 |  1.2
Spellcasting   | 1 |  1.2
Evocations     | 1 |  1.2
Conjurations   | 1 |  1.0
Hexes          | 1 |  1.0
Summonings     | 1 |  1.0
Necromancy     | 1 |  1.0
Translocations | 1 |  1.0
Transmutations | 1 |  1.0
Fire Magic     | 1 |  1.0
Ice Magic      | 1 |  1.0
Air Magic      | 1 |  1.0
Earth Magic    | 1 |  1.0
Poison Magic   | 1 |  1.0
Fighting       | |  4.6
Ranged Weapons | |  8.6
Dodging        | |  4.6
Stealth        | |  2.6

Action                     |  1- 3 |  4- 6 || total
---------------------------+-------+-------++-------
   Fire: Shortbow          |    75 |    20 ||    95
 Armour: Leather armour    |     5 |     1 ||     6
  Dodge: Dodged            |    35 |     8 ||    43

Table legend: (Time is in decaauts)
 A = Elapsed time spent in this place.
 B = Non-inter-level travel time spent in this place.
 C = Inter-level travel time spent in this place.
 D = Time resting spent in this place.
 E = Time spent auto-exploring this place.
 F = Levels seen in this place.
 G = Mean time per level.
                   A        B        C        D        E       F      G
               +--------+--------+--------+--------+--------+-----+--------+
         Total |    901 |    889 |     12 |      0 |    730 |   2 |  450.5 |
       Dungeon |    901 |    889 |     12 |      0 |    730 |   2 |  450.5 |
               +--------+--------+--------+--------+--------+-----+--------+

Top non-repeatable levels by time:
     D:1: 852 daAuts
     D:2: 49 daAuts

Levels and vault maps discovered:
D:1:      matt_arrival_grand_opening, layout_basic
D:2:      layout_loops_ring, hellmonk_ecumenical_altar_prayer_group,
          due_unseen_surprise

Table legend: (Time is in decaauts)
 A = Elapsed time spent in this place.
 B = Non-inter-level travel time spent in this place.
 C = Inter-level travel time spent in this place.
 D = Time resting spent in this place.
 E = Time spent auto-exploring this place.
 F = Levels seen in this place.
 G = Mean time per level.
                   A        B        C        D        E       F      G
               +--------+--------+--------+--------+--------+-----+--------+
         Total |    901 |    889 |     12 |      0 |    730 |   2 |  450.5 |
       Dungeon |    901 |    889 |     12 |      0 |    730 |   2 |  450.5 |
               +--------+--------+--------+--------+--------+-----+--------+

Top non-repeatable levels by time:
     D:1: 852 daAuts
     D:2: 49 daAuts

Table legend:
 A = Kills in this place as a percentage of kills in the entire game.
 B = Kills by you in this place as a percentage of kills by you in the entire game.
 C = Kills by friends in this place as a percentage of kills by friends in the entire game.
 D = Other kills in this place as a percentage of other kills in the entire game.
 E = Experience gained in this place as a percentage of experience gained in the entire game.
 F = Experience gained in this place divided by the number of levels of this place that you have seen.
                   A       B       C       D       E      F
               +-------+-------+-------+-------+-------+----------------------
         Total | 100.0 | 100.0 |   N/A |   N/A | 100.0 |  61.0
       Dungeon | 100.0 | 100.0 |   N/A |   N/A | 100.0 |  61.0
               +-------+-------+-------+-------+-------+----------------------
